Map: Moondance

Players

Baller

  • Race: Zerg Zerg
  • League: Silver
  • Spawn Location: 6:00

Thorfinn - Winner!

  • Race: Terran Terran
  • League: Silver
  • Spawn Location: 12:00

VOD

Have the link to the VOD?

Description

Time

  • Played on: Oct. 10, 2022, 12:04 a.m.
  • Length: 8:45
Show
View Real Time Build Order
Export as new Build Order

Baller Zerg 

Build Orders: Hatch First 

Get SALT Encoding   

  12  0:44  Drone x2  
  14  0:55  Hatchery  
  13  2:12  Overlord  
  13  2:28  Spawning Pool  
  12  2:34  Drone  
  12  2:35  Drone  
  14  2:45  Drone  
  13  3:16  Queen  
  13  3:18  Zergling x6  
  17  3:43  Drone x2  
  19  4:00  Drone  
  19  4:21  Hatchery  
  17  4:24  Extractor  
  17  4:26  Queen  
  17  5:00  Hatchery  
  17  5:03  Drone x2  
  18  5:16  Queen  
  13  5:45  Drone  
  13  5:46  Drone x2  
  16  6:09  Drone  
  17  6:27  Queen  
  17  6:30  Drone  
  20  6:42  Drone x2  
  22  6:53  Drone x2  
  24  7:04  Drone x2  
  17  7:50  Drone x7  
  17  7:51  Drone  
  25  8:01  Drone  
  26  8:11  Drone  
  27  8:13  Drone  
Show
View Real Time Build Order
Export as new Build Order

Thorfinn Terran - Winner!

Build Orders:  

Get SALT Encoding   

  12  0:00  SCV  
  13  0:13  SCV  
  14  0:18  Supply Depot  
  14  0:25  SCV  
  15  0:31  Refinery  
  15  0:40  SCV  
  16  0:47  Barracks  
  16  0:54  SCV  
  17  1:06  SCV  
  17  1:07  Supply Depot  
  18  1:21  SCV  
  19  1:34  SCV  
  19  1:37  Reaper  
  21  1:47  SCV  
  22  1:59  SCV  
  23  2:03  Command Center  
  23  2:11  SCV  
  24  2:22  Barracks Reactor  
  24  2:23  SCV  
  25  2:31  Factory  
  25  2:51  Orbital Command  
  25  2:54  Refinery  
  25  3:26  Starport  
  25  3:31  SCV  
  25  3:32  SCV  
  26  3:41  Barracks Tech Lab  
  26  3:43  Hellion  
  26  3:44  Hellion, SCV x2  
  32  3:56  SCV  
  32  4:02  Marine  
  33  4:05  Starport Reactor  
  33  4:19  Marine  
  33  4:21  SCV x2  
  36  4:29  Hellion x2  
  40  4:39  Marine  
  41  4:45  Orbital Command  
  41  4:54  SCV  
  41  4:55  Barracks  
  41  4:57  Marine  
  41  4:58  Hellion  
  41  4:59  Barracks  
  45  5:04  Supply Depot  
  45  5:06  SCV  
  46  5:08  Supply Depot  
  46  5:26  Hellion, SCV x2, Supply Depot  
  48  5:38  SCV  
  48  5:40  Hellion  
  48  5:41  Medivac x2  
  48  5:42  Marine  
  56  5:47  Hellion  
  56  5:48  Barracks Reactor  
  56  5:49  Barracks Reactor  
  58  6:00  Marine, Engineering Bay x2  
  58  6:01  Hellion  
  58  6:03  SCV  
  58  6:04  SCV  
  63  6:09  Hellion  
  65  6:11  Medivac  
  65  6:15  SCV  
  65  6:16  SCV  
  65  6:18  Marine  
  70  6:32  Terran Infantry Weapons Level 1  
  70  6:33  Terran Infantry Armor Level 1  
  70  6:39  Supply Depot  
  70  6:47  Supply Depot  
  70  7:00  Marine x3, SCV  
  70  7:01  Hellion x2  
  78  7:08  Marine x2  
  78  7:09  SCV  
  78  7:10  Supply Depot  
  78  7:12  SCV  
  82  7:18  Marine  
  82  7:21  SCV  
  82  7:22  Hellion  
  86  7:30  Marine, SCV  
  86  7:33  SCV, Supply Depot  
  87  7:42  SCV  
  87  7:45  SCV  
  87  7:47  Marine  
  89  7:57  Supply Depot  
  89  8:00  Armory  
  89  8:06  Supply Depot  
  89  8:07  Supply Depot x2  
  89  8:09  Supply Depot  
  89  8:20  Supply Depot  
  89  8:43  Refinery  
Tags
 
Matchup
TvZ
Spawn Locations
Cross Positions
Add a new tag
Caveats
  • Supply blocks, unpowered buildings, or Contaminate may cause inaccurate times.
  • Supply counts are checked every 10 seconds.